 Dungeon Crawl Stone Soup version 0.14.2 (webtiles) character file.

514 sudo the Slasher (level 6, -11/56 HPs)
             Began as a Naga Fighter on June 27, 2016.
             Killed by divine providence
             ... invoked by an orc priest
              (14 damage)
             ... on Level 4 of the Dungeon.
             The game lasted 00:05:50 (2552 turns).

sudo the Slasher (Naga Fighter)                     Turns: 2552, Time: 00:05:50

HP -11/56        AC  8     Str 20      XL: 6   Next: 90%
MP   6/6         EV  3     Int  8      God:
Gold 103         SH 18     Dex 11      Spells:  0 memorised,  5 levels left

rFire  . . .     SeeInvis +     a - +0 long sword
rCold  . . .     Clarity  .     e - +0 chain mail
rNeg   . . .     Conserve .     c - +0 shield
rPois  +         rCorr    .     (no helmet)
rElec  .         rRot     .     r - +0 cloak
SustAb . .       Spirit   .     (no gloves)
rMut   .         Warding  .     (no barding)
Saprov . . .     Stasis   .     (no amulet)
MR     .....                    (no ring)
                                n - ring of wizardry

@: slowed, very slow, not resistant to hostile enchantments, extremely
unstealthy
A: spit poison, see invisible, deformed body, poison resistance, slowness 2, AC
+2
a: Spit Poison


You were on level 4 of the Dungeon.
You were not hungry.

You visited 1 branch of the dungeon, and saw 4 of its levels.

You collected 103 gold pieces.

Inventory:

Hand weapons
 a - a +0,+0 long sword (weapon)
Armour
 b - a +0 scale mail
 c - a +0 shield (worn)
 e - a +0 chain mail (worn)
 r - a +0 cloak (worn)
Comestibles
 d - 2 bread rations
 f - 14 grapes
 l - 2 pears
 p - an apple
 q - a meat ration
Scrolls
 h - a scroll of blinking {unknown}
 i - 3 scrolls of identify {unknown}
 j - a scroll of magic mapping {unknown}
 m - a scroll of fear {unknown}
 o - a scroll of remove curse {unknown}
 s - a scroll of random uselessness {unknown}
Jewellery
 n - a ring of wizardry (left hand)


   Skills:
 + Level 3.4 Fighting
 * Level 4.0 Long Blades
 + Level 3.9 Armour
 + Level 1.9 Dodging
 + Level 3.5 Shields


You had 5 spell levels left.
You didn't know any spells.

Dungeon Overview and Level Annotations

Branches:
Dungeon (4/15)
 Temple: D:4-7

Altars:
Nemelex Xobeh

Annotations:
D:3 sudo's ghost, average DsFi


Innate Abilities, Weirdness & Mutations

You cannot wear boots.
You can spit poison.
Your serpentine skin is tough (AC +2).
You have supernaturally acute eyesight.
Armour fits poorly on your strangely shaped body.
Your system is resistant to poisons.
You cover ground very slowly.


Message History

You closely miss the orc wizard.
The orc wizard is lightly wounded.
The orc priest mumbles some strange prayers to Beogh against you.
Something smites you!
* * * LOW HITPOINT WARNING * * *
The orc priest hits you but does no damage.
The orc wizard hits you but does no damage.
The orc hits you with a club.
* * * LOW HITPOINT WARNING * * *
The orc hits you with a club.
* * * LOW HITPOINT WARNING * * *
The orc wizard hits you with a dagger.
* * * LOW HITPOINT WARNING * * *
The orc priest barely misses you. The orc barely misses you.
The orc hits you but does no damage.
You closely miss the orc priest. The orc priest hits you.
* * * LOW HITPOINT WARNING * * *
The orc priest invokes the aid of Beogh against you.
Something smites you!
You die...

..# .....#
......#
.......#
........#
........#
.......o#
.......oo#
......go@#
.......o.#
........#
........#
........#
.......#
......#
.....# ..#


You could see 2 orc priests, an orc wizard, 2 orcs and a goblin.

Vanquished Creatures
  Grinder (D:3)
  Sigmund (D:3)
  Crazy Yiuf (D:2)
  3 adders (D:2)
  A worm (D:3)
  2 giant geckos (D:1)
  A ball python (D:2)
  6 bats
  4 giant cockroaches
  5 goblins
  7 hobgoblins
  3 jackals (D:1)
  2 quokkas (D:2)
  2 giant newts
  4 kobolds
  10 rats
  A fungus (D:2)
54 creatures vanquished.

Notes
Turn   | Place    | Note
--------------------------------------------------------------
     0 | D:1      | sudo, the Naga Fighter, began the quest for the Orb.
     0 | D:1      | Reached XP level 1. HP: 21/21 MP: 1/1
    67 | D:1      | Reached XP level 2. HP: 2/28 MP: 2/2
    88 | D:1      | HP: 1/28 [bat (1)]
   655 | D:1      | Reached XP level 3. HP: 29/34 MP: 3/3
  1336 | D:2      | Reached XP level 4. HP: 29/42 MP: 4/4
  1680 | D:2      | Found a sparkling altar of Nemelex Xobeh.
  1709 | D:2      | Reached skill level 1 in Dodging
  1774 | D:2      | Noticed Crazy Yiuf
  1781 | D:2      | Killed Crazy Yiuf
  1983 | D:3      | Noticed Sigmund
  2169 | D:3      | Killed Sigmund
  2169 | D:3      | Reached XP level 5. HP: 46/49 MP: 5/5
  2212 | D:3      | Noticed Grinder
  2234 | D:3      | Paralysed by Grinder for 7 turns
  2250 | D:3      | Killed Grinder
  2250 | D:3      | Reached skill level 4 in Long Blades
  2250 | D:3      | Reached XP level 6. HP: 14/56 MP: 6/6
  2533 | D:3      | Noticed sudo's ghost (average DsFi)
  2552 | D:4      | Killed from afar by an orc priest

Action                   |  1- 3 |  4- 6 || total
-------------------------+-------+-------++-------
Melee: Long sword        |   137 |    96 ||   233
 Abil: Spit Poison       |     5 |     5 ||    10
  Use: Potion            |       |     8 ||     8
